AoeStats
← JLoos

Arabia

510219411Analyzed
2v2 RM · 3d ago on Sep 30, 2026· 41m 47s· 4 players
Game mode
Random Map
Map size
Medium (4 player)
Population
200
Speed
Normal
Resources
Standard
Victory
Conquest
Starting age
Dark Age
Ending age
Imperial Age
RankedLock teamsTeams togetherTeam positionsShared explorationLock speedFull tech treeHidden civsTurbo modeCheats
Victory
Defeat
🇧🇷 Mongols · Brazil
894
+14
🇧🇷 Magyars · Brazil
889
+14
🇨🇴 Bohemians · Colombia
851
-14
🇨🇴 Italians · Colombia
848
-14
eduard.ft
12:04 Feudal Age
13:24 Feudal Age
15:24 Loom
28:06 Castle Age
27:31 Forging
34:55 Fletching
aebigor
1:28 Loom
12:42 Feudal Age
17:44 Double-Bit Axe
17:43 Horse Collar
24:24 Castle Age
26:34 Wheelbarrow
26:23 Bow Saw
27:54 Forging
27:44 Scale Mail Armor
30:22 Pikeman
34:48 Imperial Age
35:00 Chain Mail Armor
35:22 Iron Casting
37:48 Fletching
37:58 Padded Archer Armor
sabotaaa
7:13 Loom
9:44 Feudal Age
10:17 Double-Bit Axe
10:14 Horse Collar
16:55 Forging
16:54 Scale Barding Armor
21:21 Castle Age
20:01 Gold Mining
20:25 Bloodlines
22:04 Husbandry
22:37 Bow Saw
24:51 Gold Shaft Mining
24:09 Stone Mining
25:41 Town Watch
26:40 Wheelbarrow
28:26 Heavy Plow
30:51 Hand Cart
30:37 Town Patrol
31:55 Chain Barding Armor
32:24 Iron Casting
33:59 Stone Shaft Mining
38:38 Fervor
JLoos
6:59 Loom
9:46 Feudal Age
11:36 Double-Bit Axe
19:44 Wheelbarrow
19:41 Horse Collar
22:19 Castle Age
21:25 Scale Barding Armor
21:10 Fletching
21:22 Gold Mining
24:08 Crossbowman
24:48 Bodkin Arrow
24:53 Padded Archer Armor
25:18 Stone Mining
26:04 Gold Shaft Mining
26:13 Bow Saw
26:06 Heavy Plow
26:57 Leather Archer Armor
29:19 Husbandry
33:16 Chain Barding Armor
32:57 Scale Mail Armor
40:47 Hand Cart
Connection lost

Rejoining the realm…

Still unreachable

The connection could not be restored.

Session expired

The server has moved on; the page needs a fresh start.